SA
TENNESSEE SMOKIES @ NIAGARA FALLS EXPOS
07/28/2038
 
TOP OF THE 1ST
Tennessee Smokies batting - Pitching for Niagara Falls Expos : LHP Calvin Bryant
Pitching: LHP Calvin Bryant
Batting: RHB Dave Bauer 0-0: Called Strike
0-1: Swinging Strike
0-2: Ball
1-2: Foul Ball, location: 2F
1-2: Ground out 6-3 (Groundball, 6, EV 101.9 MPH)
Batting: RHB Roy Osmond 0-0: Ground out 6-3 (Groundball, 6, EV 90.0 MPH)
Batting: SHB Jorge Indiano 0-0: Ball
1-0: Fly out, F9 (Flyball, 9LS, EV 92.5 MPH)
Top of the 1st over - 0 runs, 0 hits, 0 errors, 0 left on base; Tennessee 0 - Niagara Falls 0
BOTTOM OF THE 1ST
Niagara Falls Expos batting - Pitching for Tennessee Smokies : RHP Greg Hodge
Pitching: RHP Greg Hodge
Batting: RHB Ambrose Watkins 0-0: Called Strike
0-1: Ground out U3 (Groundball, 3, EV 86.9 MPH)
Batting: RHB Bernard Langeman 0-0: Ball
1-0: Foul Ball, location: 2F
1-1: Foul Ball, location: 2F
1-2: Ball
2-2: SINGLE (Line Drive, 4D, EV 95.6 MPH)
Batting: RHB Rafael Mastache 0-0: Ball
1-0: Called Strike
1-1: Ball
2-1: Foul Ball, location: 2F
2-2: Strikes out swinging
Batting: RHB Sincere Wushon David 0-0: Ball
1-0: Fly out, F8 (Flyball, 8LM, EV 85.6 MPH)
Bottom of the 1st over - 0 runs, 1 hit, 0 errors, 1 left on base; Tennessee 0 - Niagara Falls 0
TOP OF THE 2ND
Tennessee Smokies batting - Pitching for Niagara Falls Expos : LHP Calvin Bryant
Batting: RHB Joe Gram 0-0: Ground out 5-3 (Groundball, 56, EV 81.9 MPH)
Batting: RHB Fraser Childs 0-0: Called Strike
0-1: Foul Ball, location: 2F
0-2: Ball
1-2: Foul Ball, location: 2F
1-2: Strikes out swinging
Batting: LHB Carel van Putten 0-0: Called Strike
0-1: Ball
1-1: Called Strike
1-2: Ball
2-2: Fly out, F9 (Line Drive, 9D, EV 86.9 MPH)
Top of the 2nd over - 0 runs, 0 hits, 0 errors, 0 left on base; Tennessee 0 - Niagara Falls 0
BOTTOM OF THE 2ND
Niagara Falls Expos batting - Pitching for Tennessee Smokies : RHP Greg Hodge
Batting: SHB Raúl Miranda 0-0: Ball
1-0: TRIPLE (Line Drive, 7LD, EV 111.9 MPH)
Batting: RHB Juan Vázquez 0-0: Ball
1-0: Foul Ball, location: 2F
1-1: Swinging Strike
1-2: Strikes out swinging
Batting: RHB Frank Tatum 0-0: Ball
1-0: Ball
2-0: Called Strike
2-1: Squeeze Bunt to P - play home, runner scores, batter safe!
Raúl Miranda scores
Batting: RHB Pablo Saavedra 0-0: SINGLE (Groundball, 56D, EV 97.5 MPH)
Frank Tatum to second
Batting: SHB Buretaua Taati 0-0: Ball
1-0: Ball
2-0: Fly out, F8 (Flyball, 8LM, EV 83.8 MPH)
Batting: RHB Ambrose Watkins 0-0: Foul Ball, location: 2F
0-1: Foul Ball, location: 2F
0-2: Ball
1-2: Foul Ball, location: 2F
1-2: 3-RUN HOME RUN (Flyball, 89XD, EV 104.4 MPH), Distance : 414 ft
Batting: RHB Bernard Langeman 0-0: Called Strike
0-1: Foul Ball, location: 2F
0-2: Ball
1-2: Ball
2-2: SINGLE (Groundball, 6M, EV 103.1 MPH) (infield hit)
Batting: RHB Rafael Mastache 0-0: Ball
1-0: Swinging Strike
1-1: Fielders Choice at 2nd, 5-4 (Groundball, 5, EV 103.1 MPH)
Bottom of the 2nd over - 4 runs, 4 hits, 0 errors, 1 left on base; Tennessee 0 - Niagara Falls 4
TOP OF THE 3RD
Tennessee Smokies batting - Pitching for Niagara Falls Expos : LHP Calvin Bryant
Batting: RHB Jessie Merenda 0-0: Ball
1-0: Foul Ball, location: 2F
1-1: Swinging Strike
1-2: Ball
2-2: Ball
3-2: Strikes out swinging
Batting: RHB Miguel Silva 0-0: Ball
1-0: Fly out, F7 (Flyball, 78M, EV 88.8 MPH)
Batting: RHB Jorge Muñóz 0-0: Ball
1-0: DOUBLE (Line Drive, 89M, EV 105.6 MPH)
Batting: RHB Dave Bauer 0-0: Foul Ball, location: 2F
0-1: Foul Ball, location: 2F
0-2: Ground out 4-3 (Groundball, 34, EV 87.5 MPH)
Top of the 3rd over - 0 runs, 1 hit, 0 errors, 1 left on base; Tennessee 0 - Niagara Falls 4
BOTTOM OF THE 3RD
Niagara Falls Expos batting - Pitching for Tennessee Smokies : RHP Greg Hodge
Pitching: RHP Matt Rodríguez
Batting: RHB Sincere Wushon David 0-0: DOUBLE (Flyball, 89D, EV 100.6 MPH)
Batting: SHB Raúl Miranda 0-0: Swinging Strike
0-1: Ball
Wild Pitch!
Sincere Wushon David to third
1-1: Foul Ball, location: 2F
1-2: Foul Ball, location: 2F
1-2: Strikes out swinging
Batting: RHB Juan Vázquez 0-0: Swinging Strike
0-1: Ball
1-1: Called Strike
1-2: Fly out, F7 (Line Drive, 7, EV 85.0 MPH)
Batting: RHB Frank Tatum 0-0: Ball
1-0: Called Strike
1-1: Swinging Strike
1-2: Strikes out swinging
Bottom of the 3rd over - 0 runs, 1 hit, 0 errors, 1 left on base; Tennessee 0 - Niagara Falls 4
TOP OF THE 4TH
Tennessee Smokies batting - Pitching for Niagara Falls Expos : LHP Calvin Bryant
Batting: RHB Roy Osmond 0-0: Ground out 1-3 (Groundball, 15S, EV 67.5 MPH)
Batting: SHB Jorge Indiano 0-0: Ball
1-0: Ball
2-0: Ball
3-0: Called Strike
3-1: Foul Ball, location: 2F
3-2: Strikes out looking
Batting: RHB Joe Gram 0-0: Ball
1-0: Called Strike
1-1: Ball
2-1: Foul Ball, location: 2F
2-2: Fly out, F8 (Flyball, 78D, EV 88.8 MPH)
Top of the 4th over - 0 runs, 0 hits, 0 errors, 0 left on base; Tennessee 0 - Niagara Falls 4
BOTTOM OF THE 4TH
Niagara Falls Expos batting - Pitching for Tennessee Smokies : RHP Matt Rodríguez
Batting: RHB Pablo Saavedra 0-0: Called Strike
0-1: Foul Ball, location: 2F
0-2: TRIPLE (Groundball, 3L, EV 97.5 MPH)
Batting: SHB Buretaua Taati 0-0: Called Strike
0-1: Ball
1-1: Ball
2-1: Foul Ball, location: 2F
2-2: Strikes out swinging
Batting: RHB Ambrose Watkins 0-0: Ball
1-0: Fly out, F8 (Line Drive, 8RD, EV 91.2 MPH)
Runner from 3rd tags up, SCORES, no throw by CF
Batting: RHB Bernard Langeman 0-0: Called Strike
0-1: Foul Ball, location: 2F
0-2: Ground out 5-3 (Groundball, 56, EV 88.1 MPH)
Bottom of the 4th over - 1 run, 1 hit, 0 errors, 0 left on base; Tennessee 0 - Niagara Falls 5
TOP OF THE 5TH
Tennessee Smokies batting - Pitching for Niagara Falls Expos : LHP Calvin Bryant
Batting: RHB Fraser Childs 0-0: Called Strike
0-1: Ball
1-1: Foul Ball, location: 2F
1-2: Strikes out looking
Batting: LHB Carel van Putten 0-0: Ball
1-0: Ball
2-0: Called Strike
2-1: Ball
3-1: Swinging Strike
3-2: Ground out 3-1 (Groundball, 3S, EV 78.1 MPH)
Batting: RHB Jessie Merenda 0-0: Fly out, F8 (Line Drive, 8LD, EV 95.6 MPH)
Top of the 5th over - 0 runs, 0 hits, 0 errors, 0 left on base; Tennessee 0 - Niagara Falls 5
BOTTOM OF THE 5TH
Niagara Falls Expos batting - Pitching for Tennessee Smokies : RHP Matt Rodríguez
Batting: RHB Rafael Mastache 0-0: Ball
1-0: Called Strike
1-1: Swinging Strike
1-2: Ball
2-2: Strikes out swinging
Batting: RHB Sincere Wushon David 0-0: Fly out, F8 (Flyball, 8RXD, EV 106.2 MPH)
Batting: SHB Raúl Miranda 0-0: TRIPLE (Flyball, 8RXD, EV 103.1 MPH)
Batting: RHB Juan Vázquez 0-0: Ball
1-0: Foul Ball, location: 2F
1-1: Ball
2-1: Ball
3-1: Called Strike
3-2: Strikes out looking
Bottom of the 5th over - 0 runs, 1 hit, 0 errors, 1 left on base; Tennessee 0 - Niagara Falls 5
TOP OF THE 6TH
Tennessee Smokies batting - Pitching for Niagara Falls Expos : LHP Calvin Bryant
Batting: RHB Miguel Silva 0-0: Fly out, F8 (Flyball, 8RS, EV 91.9 MPH)
Batting: RHB Jorge Muñóz 0-0: Foul Ball, location: 2F
0-1: Ball
1-1: Fly out, F7 (Flyball, 7LM, EV 88.1 MPH)
Batting: RHB Dave Bauer 0-0: Foul Ball, location: 2F
0-1: Ball
1-1: Foul Ball, location: 2F
1-2: Foul Ball, location: 2F
1-2: Ball
2-2: Foul Ball, location: 2F
2-2: Ball
3-2: Foul Ball, location: 2F
3-2: SINGLE (Groundball, 3D, EV 96.2 MPH)
Batting: RHB Roy Osmond 0-0: Called Strike
0-1: Ball
1-1: Ball
2-1: Foul Ball, location: 2F
2-2: Ball
3-2: Foul Ball, location: 2F
3-2: Ground out 4-3 (Groundball, 4, EV 103.8 MPH)
Top of the 6th over - 0 runs, 1 hit, 0 errors, 1 left on base; Tennessee 0 - Niagara Falls 5
BOTTOM OF THE 6TH
Niagara Falls Expos batting - Pitching for Tennessee Smokies : RHP Matt Rodríguez
Batting: RHB Frank Tatum 0-0: DOUBLE (Line Drive, 78M, EV 113.8 MPH)
Batting: RHB Pablo Saavedra 0-0: Ball
1-0: Ball
2-0: Called Strike
2-1: Foul Ball, location: 2F
2-2: Fly out, F7 (Flyball, 7S, EV 91.9 MPH)
Pitching: RHP Sebastiaan Roelands
Batting: SHB Buretaua Taati 0-0: Called Strike
0-1: Ball
1-1: Ball
2-1: Foul Ball, location: 2F
2-2: Strikes out swinging
Batting: RHB Ambrose Watkins 0-0: Ball
1-0: Foul Ball, location: 2F
1-1: Swinging Strike
1-2: Ball
2-2: Foul Ball, location: 2F
2-2: Ball
3-2: Foul Ball, location: 2F
3-2: Foul Ball, location: 2F
3-2: Strikes out swinging
Bottom of the 6th over - 0 runs, 1 hit, 0 errors, 1 left on base; Tennessee 0 - Niagara Falls 5
TOP OF THE 7TH
Tennessee Smokies batting - Pitching for Niagara Falls Expos : LHP Calvin Bryant
Batting: SHB Jorge Indiano 0-0: Foul Ball, location: 2F
0-1: Swinging Strike
0-2: SOLO HOME RUN (Flyball, 78XD, EV 88.8 MPH), Distance : 423 ft
Batting: RHB Joe Gram 0-0: SINGLE (Groundball, 4MD, EV 100.0 MPH)
Batting: RHB Fraser Childs 0-0: Ball
1-0: Ball
Wild Pitch!
Joe Gram to second
2-0: Called Strike
2-1: Ball
3-1: Fly out, F8 (Flyball, 8RM, EV 92.5 MPH)
Batting: LHB Carel van Putten 0-0: Called Strike
0-1: Hit by Pitch
Pitching: RHP Cristóbal López
Batting: RHB Jessie Merenda 0-0: Ball
1-0: Ball
2-0: Ball
3-0: Called Strike
3-1: Swinging Strike
3-2: Base on Balls
Joe Gram to third
Carel van Putten to second
Batting: RHB Miguel Silva 0-0: Ball
1-0: Ball
2-0: Ball
3-0: Base on Balls
Joe Gram scores
Carel van Putten to third
Jessie Merenda to second
Batting: RHB Jorge Muñóz 0-0: Ball
1-0: Ball
2-0: Ball
3-0: Base on Balls
Carel van Putten scores
Jessie Merenda to third
Miguel Silva to second
Pitching: RHP Von Hansen
Batting: RHB Dave Bauer 0-0: Called Strike
0-1: Grounds into fielders choice 1-2 (Groundball, P, EV 90.6 MPH)
Miguel Silva to third
Jorge Muñóz to second
Pinch Hitting: RHB Tony Juderías 0-0: Called Strike
0-1: Ball
1-1: Ball
2-1: Foul Ball, location: 2F
2-2: Strikes out swinging
Top of the 7th over - 3 runs, 2 hits, 0 errors, 3 left on base; Tennessee 3 - Niagara Falls 5
BOTTOM OF THE 7TH
Niagara Falls Expos batting - Pitching for Tennessee Smokies : RHP Sebastiaan Roelands
Now at 2B: Tony Juderías
Batting: RHB Bernard Langeman 0-0: Ball
1-0: Called Strike
1-1: Foul Ball, location: 2F
1-2: Ball
2-2: Ball
3-2: Fly out, F7 (Flyball, 7S, EV 78.1 MPH)
Batting: RHB Rafael Mastache 0-0: Ball
1-0: Ground out 5-3 (Groundball, 56, EV 81.2 MPH)
Batting: RHB Sincere Wushon David 0-0: Ball
1-0: Called Strike
1-1: Foul Ball, location: 2F
1-2: Strikes out swinging
Bottom of the 7th over - 0 runs, 0 hits, 0 errors, 0 left on base; Tennessee 3 - Niagara Falls 5
TOP OF THE 8TH
Tennessee Smokies batting - Pitching for Niagara Falls Expos : RHP Von Hansen
Batting: SHB Jorge Indiano 0-0: Hit by Pitch
Batting: RHB Joe Gram 0-0: Fielders Choice at 2nd, 4-6 (Groundball, 4, EV 105.0 MPH)
Batting: RHB Fraser Childs 0-0: Called Strike
0-1: Swinging Strike
0-2: Ball
1-2: Strikes out swinging
Batting: LHB Carel van Putten 0-0: Called Strike
0-1: Called Strike
0-2: Ball
1-2: Ball
2-2: Foul Ball, location: 2F
2-2: Strikes out swinging
Top of the 8th over - 0 runs, 0 hits, 0 errors, 1 left on base; Tennessee 3 - Niagara Falls 5
BOTTOM OF THE 8TH
Niagara Falls Expos batting - Pitching for Tennessee Smokies : RHP Sebastiaan Roelands
Batting: SHB Raúl Miranda 0-0: Called Strike
0-1: Ball
1-1: Foul Ball, location: 2F
1-2: Strikes out looking
Batting: RHB Juan Vázquez 0-0: Swinging Strike
0-1: Ground out 4-3 (Groundball, 34, EV 100.6 MPH)
Now at 2B: Alfredo Reyes
Batting: RHB Frank Tatum 0-0: Ball
1-0: Swinging Strike
1-1: SOLO HOME RUN (Flyball, 7LD, EV 96.9 MPH), Distance : 343 ft
Batting: RHB Pablo Saavedra 0-0: Foul Ball, location: 2F
0-1: Ball
1-1: SINGLE (Groundball, 56S, EV 75.0 MPH) (infield hit)
Batting: SHB Buretaua Taati 0-0: SINGLE (Groundball, 34D, EV 98.1 MPH)
Pablo Saavedra to second
Runner from 2nd tries for 3rd, SAFE, throw by RF made to third
Batting: RHB Ambrose Watkins 0-0: Ball
1-0: 3-RUN HOME RUN (Flyball, 78XD, EV 95.0 MPH), Distance : 405 ft
Pitching: RHP Sang-yeon Soung
Batting: RHB Bernard Langeman 0-0: Swinging Strike
0-1: Ground out 6-3 (Groundball, 6S, EV 86.9 MPH)
Bottom of the 8th over - 4 runs, 4 hits, 0 errors, 0 left on base; Tennessee 3 - Niagara Falls 9
TOP OF THE 9TH
Tennessee Smokies batting - Pitching for Niagara Falls Expos : RHP Von Hansen
Batting: RHB Jessie Merenda 0-0: Reached on error, E4 (Groundball, 4, EV 81.2 MPH)
Batting: RHB Miguel Silva 0-0: Called Strike
0-1: Called Strike
0-2: Ball
1-2: Ball
2-2: Strikes out looking
Batting: RHB Jorge Muñóz 0-0: Fly out, F8 (Flyball, 8LS, EV 76.2 MPH)
Batting: RHB Dave Bauer 0-0: Swinging Strike
0-1: Fly out, F9 (Flyball, 89S, EV 90.6 MPH)
Top of the 9th over - 0 runs, 0 hits, 1 error, 1 left on base; Tennessee 3 - Niagara Falls 9
Friday, April 17th, 2020 - OOTP Baseball 20.8 Build 74